 Dungeon Crawl Stone Soup version 0.27-a0-1448-g9c78c815f3 (webtiles) character file.

Game seed: 11009714800399475107

15172 Banto the Spear-Bearer (level 11, 0/83 HPs)
             Began as a Demonspawn Gladiator on July 5, 2021.
             Was a High Priest of Okawaru.
             Slain by a salamander (11 damage)
             ... on level 10 of the Dungeon.
             The game lasted 00:32:27 (19401 turns).

Banto the Spear-Bearer (Demonspawn Gladiator)      Turns: 19401, Time: 00:32:28

Health: 0/83       AC: 12    Str: 16    XL:     11   Next: 98%
Magic:  11/11      EV: 13    Int: 21    God:    Okawaru [*****.]
Gold:   33         SH:  0    Dex: 14    Spells: 9/10 levels left

rFire    . . .     SeeInvis .   n - +1 halberd (flame)
rCold    . . .     Faith    .   (shield currently unavailable)
rNeg     . . .     Spirit   .   k - +0 ring mail
rPois    .         Reflect  .   (helmet restricted)
rElec    .         Harm     .   i - +0 cloak
rCorr    +         Rampage  .   o - +0 pair of gloves
Will     .....                  y - +0 pair of boots
Stlth    +.........             G - amulet "Azxa" {RegenMP Int+3 Slay+3}
HPRegen  0.23/turn              c - +6 ring of intelligence
MPRegen  0.37/turn              H - ring of resist corrosion

@: no status effects
A: antennae 1, thin metallic scales 1, icemail 2, condensation shield
a: Renounce Religion, Heroism, Finesse


You were on level 10 of the Dungeon.
You worshipped Okawaru.
Okawaru was extremely pleased with you.
You visited 3 branches of the dungeon, and saw 13 of its levels.
You also visited: Sewer.

You collected 647 gold pieces.
You spent 614 gold pieces at shops.

Inventory:

Hand Weapons
 a - a +0 trident
 n - a +1 halberd of flaming (weapon)
 z - a +5 spear of freezing
Missiles
 d - a throwing net (quivered)
 s - 46 poisoned darts
 v - 7 datura-tipped darts
Armour
 i - a +0 cloak (worn)
 k - a +0 ring mail (worn)
 o - a +0 pair of gloves (worn)
 y - a +0 pair of boots (worn)
 D - a +2 buckler
Jewellery
 c - a +6 ring of intelligence (left hand)
 G - the amulet "Azxa" (around neck) {RegenMP Int+3 Slay+3}
   (You bought it in a shop on level 10 of the Dungeon)

   [amulet of magic regeneration]

   It increases your rate of magic regeneration.
   Int:       It affects your intelligence (+3).
   Slay:      It affects your accuracy & damage with ranged weapons and melee
   (+3).
 H - a ring of resist corrosion (right hand)
Wands
 j - a wand of paralysis (16)
 p - a wand of flame (27)
 x - a wand of polymorph (2)
 C - a wand of digging (8)
Scrolls
 f - 3 scrolls of magic mapping
 h - 7 scrolls of teleportation
 m - a scroll of silence
 B - 4 scrolls of blinking
 E - a scroll of amnesia
 F - a scroll of identify
Potions
 b - 2 potions of attraction
 e - a potion of mutation
 g - 2 potions of haste
 l - a potion of magic {unknown}
 q - 3 potions of curing
 r - a potion of invisibility {unknown}
 t - 3 potions of heal wounds
 u - 4 potions of might
 w - 4 potions of flight
 A - 4 potions of brilliance


   Skills:
 + Level 6.6 Fighting
 - Level 14.0 Polearms
 - Level 1.7 Throwing
 + Level 5.7 Armour
 + Level 6.4 Dodging
 - Level 5.0 Necromancy


You had 9 spell levels left.
You knew the following spells:

 Your Spells              Type           Power      Damage    Failure   Level
a - Animate Skeleton      Necr           42%        N/A       4%          1

Your spell library contained the following spells:

 Spells                   Type           Power      Damage    Failure   Level
 Apportation              Tloc           0%         N/A       32%         1
 Beastly Appendage        Tmut           0%         N/A       32%         1
 Corona                   Hex            0%         N/A       32%         1
 Summon Small Mammal      Summ           0%         N/A       32%         1
 Ensorcelled Hibernation  Hex/Ice        0%         N/A       43%         2
 Wereblood                Tmut           0%         N/A       43%         2
 Conjure Flame            Conj/Fire      0%         6-21      67%         3
 Ignite Poison            Fire/Tmut/Pois 0%         N/A       67%         3
 Spider Form              Tmut/Pois      0%         N/A       67%         3
 Stone Arrow              Conj/Erth      0%         3d7       67%         3
 Airstrike                Air            0%         N/A       97%         4
 Animate Armour           Summ/Erth      0%         N/A       97%         4
 Petrify                  Tmut/Erth      0%         N/A       97%         4
 Sticky Flame             Conj/Fire      0%         2d3       97%         4
 Summon Lightning Spire   Summ/Air       0%         N/A       97%         4
 Lightning Bolt           Conj/Air       0%         1d11      100%        5
 Metabolic Englaciation   Hex/Ice        0%         N/A       100%        5
 Shadow Creatures         Summ           N/A        N/A       100%        6
 Statue Form              Tmut/Erth      0%         N/A       100%        6
 Lehudib's Crystal Spear  Conj/Erth      0%         10d2      100%        8


Dungeon Overview and Level Annotations

Branches:
Dungeon (11/15)            Temple (1/1) D:6            Lair (1/6) D:10
    Orc (0/2) D:10          Sewer (visited)

Altars:
Ashenzari
Cheibriados
Dithmenos
Elyvilon
Fedhas
Gozag
Hepliaklqana
Kikubaaqudgha
Makhleb
Nemelex Xobeh
Okawaru
Qazlal
Ru
Sif Muna
Trog
Uskayaw
Vehumet
Wu Jian
Xom
Yredelemnul
Zin
The Shining One
Beogh

Shops:
D:10 *   D:11 :


Innate Abilities, Weirdness & Mutations

You have a pair of small antennae on your head.
You are partially covered in thin metallic scales. (AC +2)
A meltable icy envelope protects you from harm. (AC +0)
A meltable shield of frost defends you. (SH +0)


Message History

The lava snake spits lava at you. The glob of lava misses you.
The salamander hits you with a +0 spear!
You are engulfed in flames!
* * * LOW HITPOINT WARNING * * *
You take 23 damage, and have 21/83 hp.
MASSIVE DAMAGE!!
The salamander closely misses you.
You climb upwards.
Welcome back to the Dungeon!
There is a staircase to the Lair, spattered with blood here.
You slash the salamander!
The salamander is moderately wounded.
The salamander closely misses you.
You hit the salamander but do no damage.
The salamander is moderately wounded.
You hit the salamander but do no damage.
The salamander is moderately wounded.
The salamander hits you with a +0 spear.
* * * LOW HITPOINT WARNING * * *
You are engulfed in flames!
* * * LOW HITPOINT WARNING * * *
You take 12 damage, and have 10/83 hp.
Reach: n) +1 halberd (flame)
Press: ? - help, Dir - move target, f - salamander
Aim: a salamander, wielding a +0 spear (moderately wounded, about 23% to evade your +1 halberd of flaming)
You puncture the salamander!
The salamander is heavily wounded.
The salamander hits you but does no damage.
Reach: n) +1 halberd (flame)
Press: ? - help, Dir - move target, f/p - salamander
Aim: a salamander, wielding a +0 spear (heavily wounded, about 23% to evade your +1 halberd of flaming)
You hit the salamander.
The salamander is severely wounded.
The salamander hits you but does no damage.
Reach: n) +1 halberd (flame)
Press: ? - help, Dir - move target, f/p - salamander
Aim: a salamander, wielding a +0 spear (severely wounded, about 23% to evade your +1 halberd of flaming)
You barely miss the salamander.
The salamander is severely wounded.
The salamander hits you with a +0 spear!
You die...

....#####........# #.........#
.................# ####.........'
....#####........###..'.........#
<...# #........##..##.........#
†#### #.......................#
(# #.......................# .#
#...........#...#####'### .#
#........N#.....# #.# .#
###....÷@.##....# #.# ##
#.............# #.# ########
##....#.......## #.#
.......###.............# #.#
.......'.#...##........######.###
.......#.........................
.......####......############.###
######## ######## #.# .#### #.#


You could see a salamander.

Vanquished Creatures
  A two-headed ogre (D:5)
  A hydra (D:10)
  6 death yaks
  A skeletal warrior (D:11)
  An ugly thing (D:7)
  A cyclops (D:10)
  Joseph (D:7)
  A cane toad (D:10)
  A gargoyle (D:11)
  Psyche (D:7)
  The ghost of feta the Shield-Bearer, an amateur FoFi (D:6)
  Prince Ribbit (D:8)
  Sigmund (D:2)
  A shadow (D:10)
  7 yaks
  A wyvern (D:8)
  A basilisk (D:10)
  2 vampire mosquitoes (D:10)
  2 steam dragons (D:7)
  Menkaure (D:7)
  A warg (D:10)
  Duvessa (D:7)
  2 water moccasins
  10 orc warriors
  An ice beast (D:5)
  A sky beast (D:5)
  A black bear (D:6)
  5 ogres
  5 centaurs
  A phantom (D:7)
  Blork the orc (D:6)
  4 kobold brigands
  5 bullfrogs
  A gnoll sergeant (D:9)
  2 scorpions (D:4)
  Dowan (D:7)
  A water moccasin skeleton (D:5)
  5 wights (D:9)
  An electric eel (D:8)
  8 howler monkeys
  2 gnoll shamans
  A jelly (D:4)
  A bullfrog zombie (D:5)
  2 hounds
  5 orc priests
  2 bullfrog skeletons
  Jessica (D:1)
  2 iguanas (D:4)
  5 orc wizards
  A killer bee zombie (D:7)
  2 howler monkey zombies
  Robin (D:2)
  17 gnolls
  2 howler monkey skeletons
  A river rat (Sewer)
  13 adders
  A shadow imp (D:5)
  2 ufetubi (D:5)
  An adder skeleton (D:4)
  2 worms
  4 dart slugs
  64 orcs
  4 ball pythons
  2 bats
  6 endoplasms
  6 giant cockroaches
  8 hobgoblins
  13 jackals
  29 kobolds
  A quokka (D:2)
  4 frilled lizards
  15 goblins
  9 rats
319 creatures vanquished.

Vanquished Creatures (collateral kills)
  An orc (D:9)
1 creature vanquished.

Grand Total: 320 creatures vanquished

Notes
Turn   | Place    | Note
-------+----------+-------------------------------------------
     0 | D:1      | Banto the Demonspawn Gladiator began the quest for the Orb.
     0 | D:1      | Reached XP level 1. HP: 16/16 MP: 1/1
   109 | D:1      | Reached skill level 3 in Polearms
   449 | D:1      | Gained mutation: A meltable shield of frost defends you.
                  | (SH +0) [demonic ancestry]
   449 | D:1      | Reached XP level 2. HP: 9/22 MP: 2/2
  1282 | D:2      | Noticed Jessica
  1313 | D:1      | Killed Jessica
  1314 | D:1      | Reached skill level 4 in Polearms
  1314 | D:1      | Reached XP level 3. HP: 10/27 MP: 3/3
  1722 | D:2      | Noticed Sigmund
  1841 | D:2      | Killed Sigmund
  1842 | D:2      | Reached skill level 5 in Polearms
  1842 | D:2      | Gained mutation: A meltable icy envelope protects you from
                  | harm. (AC +0) [demonic ancestry]
  1842 | D:2      | Reached XP level 4. HP: 21/33 MP: 4/4
  1842 | D:2      | Gained mutation: A meltable icy envelope protects you from
                  | harm. (AC +0) [demonic ancestry]
  1842 | D:2      | Reached XP level 5. HP: 24/38 MP: 5/5
  1973 | D:2      | Found a faded altar of an unknown god.
  2085 | D:1      | Reached skill level 6 in Polearms
  2449 | D:2      | Reached XP level 6. HP: 44/44 MP: 6/6
  2601 | D:2      | Noticed Robin
  2844 | D:2      | Killed Robin
  3712 | D:3      | Reached skill level 7 in Polearms
  4573 | D:4      | Reached XP level 7. HP: 47/50 MP: 7/7
  4575 | D:4      | Identified the +0 whip of Dishonesty {vorpal, rC+ rN+
                  | Dex+3}
  4970 | D:4      | Reached skill level 8 in Polearms
  5008 | D:4      | Found a glowing drain.
  5017 | Sewer    | Entered a sewer
  5725 | D:5      | Entered Level 5 of the Dungeon
  5787 | D:5      | Reached XP level 8. HP: 18/56 MP: 8/8
  5861 | D:5      | Reached skill level 9 in Polearms
  7722 | D:6      | Noticed a two-headed ogre
  7746 | D:5      | Killed a two-headed ogre
  7747 | D:5      | Reached skill level 11 in Polearms
  7747 | D:5      | Reached XP level 9. HP: 32/61 MP: 9/9
  8354 | D:6      | Noticed Blork the orc
  8365 | D:6      | Killed Blork the orc
  8673 | D:6      | Found a staircase to the Ecumenical Temple.
  8737 | Temple   | Entered the Ecumenical Temple
  8754 | Temple   | Became a worshipper of Warmaster Okawaru
  9089 | D:6      | Found a radiant altar of Vehumet.
  9093 | D:6      | Found an ancient bone altar of Kikubaaqudgha.
  9129 | D:6      | Found a runed translucent door.
  9141 | D:6      | Noticed feta's ghost (amateur FoFi)
  9469 | D:7      | Reached skill level 12 in Polearms
  9833 | D:7      | Noticed Joseph
 10025 | D:7      | Reached * piety under Okawaru
 10191 | D:7      | Killed Joseph
 10498 | D:7      | Noticed a green ugly thing
 10512 | D:7      | Killed a green ugly thing
 10513 | D:7      | Reached skill level 13 in Polearms
 10772 | D:7      | Identified the +3 long sword of Garourup {flame, rN+}
 10813 | D:7      | Reached ** piety under Okawaru
 10983 | D:7      | Gained mutation: You have a pair of small antennae on your
                  | head. [demonic ancestry]
 10983 | D:7      | Reached XP level 10. HP: 67/67 MP: 10/10
 10993 | D:7      | Noticed Dowan
 11002 | D:7      | Killed Dowan
 11017 | D:7      | Noticed Duvessa
 11038 | D:7      | Killed Duvessa
 11267 | D:7      | Noticed Menkaure
 11287 | D:7      | Killed Menkaure
 11740 | D:8      | Noticed Prince Ribbit
 11751 | D:8      | Killed Prince Ribbit
 11912 | D:8      | Learned a level 1 spell: Animate Skeleton
 11976 | D:8      | Reached skill level 1 in Necromancy
 12369 | D:8      | Found a shadowy altar of Dithmenos.
 12447 | D:8      | Noticed Psyche
 12660 | D:7      | Killed Psyche
 13277 | D:6      | Killed feta's ghost
 13507 | D:8      | Reached *** piety under Okawaru
 13802 | D:9      | Reached skill level 14 in Polearms
 13844 | D:9      | Reached skill level 5 in Necromancy
 14171 | D:9      | Reached skill level 1 in Armour
 14322 | D:9      | Found a hazy altar of Hepliaklqana.
 15586 | D:9      | Gained mutation: You are partially covered in thin metallic
                  | scales. (AC +2) [demonic ancestry]
 15586 | D:9      | Reached XP level 11. HP: 75/75 MP: 11/11
 15740 | D:10     | Entered Level 10 of the Dungeon
 15781 | D:10     | Found a staircase to the Orcish Mines.
 16174 | D:10     | Reached **** piety under Okawaru
 16503 | D:10     | Noticed a death yak
 17206 | D:10     | Found a staircase to the Lair.
 17214 | D:10     | Noticed a death yak
 17214 | D:10     | Noticed a death yak
 17215 | D:10     | Noticed a death yak
 17215 | D:10     | Noticed a death yak
 17215 | D:10     | Noticed a death yak
 17250 | D:9      | Killed a death yak
 17424 | D:10     | Killed a death yak
 17425 | D:10     | Reached skill level 5 in Fighting
 17425 | D:10     | Reached skill level 5 in Dodging
 17833 | D:10     | Found a hide-covered altar of Uskayaw.
 17836 | D:10     | Found Ivaxe's Neck Hole.
 17844 | D:10     | Bought the amulet "Azxa" {RegenMP Int+3 Slay+3} for 614
                  | gold pieces
 17974 | D:9      | Killed a death yak
 17974 | D:9      | Received a gift from Okawaru
 18220 | D:9      | Killed a death yak
 18336 | D:10     | Killed a death yak
 18336 | D:10     | Received a gift from Okawaru
 18347 | D:10     | Killed a death yak
 18348 | D:10     | Reached skill level 5 in Armour
 18551 | D:11     | Found Virabily's Book Boutique.
 18693 | D:11     | Noticed a skeletal warrior
 18728 | D:11     | Killed a skeletal warrior
 18951 | D:11     | Noticed a skeletal warrior
 18992 | Lair:1   | Entered Level 1 of the Lair of Beasts
 18995 | Lair:1   | Noticed a four-headed hydra
 19005 | D:10     | Reached ***** piety under Okawaru
 19189 | D:10     | Killed a one-headed hydra
 19401 | D:10     | Slain by a salamander

Illustrated notes

Levels and vault maps discovered:
D:1:      lightli_arrival_statue_moat, layout_rooms, serial_co_window_serial,
          co_window_of_opportunity_a, co_window_paths_a, co_window_corner_a,
          co_window_corner_a, co_window_paths_a, co_window_corner_ca,
          co_window_paths_c, co_window_corner_b, co_window_2corner,
          co_window_of_opportunity_b
D:2:      layout_basic, hellmonk_ecumenical_altar_pennies_from_heaven,
          grunt_ministairs_8, st_stairs_12, minmay_misc_feat_rows, uniq_jessica,
          uniq_robin, uniq_sigmund
D:3:      layout_loops_ring
D:4:      layout_loops_ring, portal_sewer_entry_d
D:5:      layout_gridville, chequers_mini_garden
D:6:      layout_cave_pods, grunt_temple_overflow_diamond,
          minmay_temple_entry_glassed_door, ebering_ghost_sewer_d,
          minmay_fractal_squares_5, uniq_blork_the_orc
D:7:      layout_basic, st_stairs_11, uniq_menkaure, uniq_duvessa, uniq_joseph
D:8:      layout_cave_pools, nicolae_dithmenos_shadow_blocks,
          amcnicky_mini_pool_small, kennysheep_pointless_box, uniq_psyche,
          uniq_prince_ribbit1
D:9:      layout_roguey [special_room_orc], lemuel_doored_altar,
          lemuel_coloured_pillars_altar, special_room [special_room_orc]
D:10:     layout_roguey, nicolae_overflow_hidden_temple, dpeg_lair_monsters,
          david_orc_3, nicolae_shop_sticking_my_neck_out
D:11:     layout_cave_pools, serial_shops, kennysheep_mini
Temple:   minmay_freezing_vapour_temple
Lair:1:   layout_chaotic_city

Skill      XL: |  1  2  3  4  5  6  7  8  9 10 11 |
---------------+----------------------------------+-----
Polearms       | 3 4 5 6 7 8 11 13 14 | 14.0
Necromancy     | 5 |  5.0
Dodging        | 3 6 |  6.4
Armour         | 2 5 |  5.7
Fighting       | 3 6 |  6.6
Throwing       | |  1.7

Action                   |  1- 3 |  4- 6 |  7- 9 | 10-12 || total
-------------------------+-------+-------+-------+-------++-------
Melee: Trident           |   120 |   261 |   324 |       ||   705
       Halberd           |       |       |   126 |   749 ||   875
       Unarmed           |       |       |       |     3 ||     3
Throw: Javelin           |     2 |       |       |       ||     2
       Throwing net      |     1 |       |     3 |       ||     4
       Dart              |       |       |     4 |       ||     4
 Cast: Animate Skeleton  |       |       |       |    12 ||    12
Invok: Heroism           |       |       |       |     5 ||     5
Evoke: Wand              |       |       |    10 |     2 ||    12
  Use: Scroll            |       |       |    10 |     8 ||    18
 Stab: Held in net/web   |     1 |       |     2 |       ||     3
       Paralysed         |       |       |     4 |       ||     4
       Invisible         |       |       |       |     1 ||     1
Armor: Leather armour    |    11 |       |       |       ||    11
       Ring mail         |    25 |   103 |   145 |   194 ||   467
       Skin              |       |       |       |     6 ||     6
Dodge: Dodged            |    68 |   116 |   188 |   248 ||   620
Block: Other             |     9 |    40 |    56 |    78 ||   183

Table legend: (Time is in decaauts)
 A = Elapsed time spent in this place.
 B = Non-inter-level travel time spent in this place.
 C = Inter-level travel time spent in this place.
 D = Time resting spent in this place.
 E = Time spent auto-exploring this place.
 F = Levels seen in this place.
 G = Mean time per level.
                   A        B        C        D        E       F      G
               +--------+--------+--------+--------+--------+-----+--------+
         Total |  19266 |  18614 |    652 |   6863 |   8209 |  14 | 1376.1 |
       Dungeon |  18977 |  18326 |    651 |   6863 |   8053 |  11 | 1725.2 |
        Temple |     24 |     24 |      0 |      0 |      0 |   1 |   24.0 |
          Lair |     28 |     28 |      0 |      0 |      0 |   1 |   28.0 |
         Sewer |    235 |    235 |      0 |      0 |    156 |   1 |  235.0 |
               +--------+--------+--------+--------+--------+-----+--------+

Top non-repeatable levels by time:
     D:9: 2453 daAuts
    D:10: 2122 daAuts
     D:6: 2023 daAuts
     D:7: 2005 daAuts
     D:8: 1999 daAuts
     D:1: 1997 daAuts
     D:5: 1570 daAuts
     D:2: 1537 daAuts
     D:4: 1512 daAuts
     D:3: 1300 daAuts
    D:11: 455 daAuts
   Sewer: 235 daAuts
  Lair:1: 28 daAuts
  Temple: 24 daAuts

Table legend:
 A = Kills in this place as a percentage of kills in entire the game.
 B = Kills by you in this place as a percentage of kills by you in the entire game.
 C = Kills by friends in this place as a percentage of kills by friends in the entire game.
 D = Other kills in this place as a percentage of other kills in the entire game.
 E = Experience gained in this place as a percentage of experience gained in the entire game.
 F = Experience gained in this place divided by the number of levels of this place that you have seen.
                   A       B       C       D       E      F
               +-------+-------+-------+-------+-------+----------------------
         Total | 100.0 | 100.0 | 100.0 |   N/A | 100.0 | 1548.2
       Dungeon |  97.2 |  97.2 | 100.0 |   N/A |  99.5 | 1959.9
         Sewer |   2.8 |   2.8 |   0.0 |   N/A |   0.5 | 116.0
               +-------+-------+-------+-------+-------+----------------------
